 Dungeon Crawl Stone Soup version 0.29.0-5-ge4962eb29e (webtiles) character file.

Game seed: 14000783080407606384

1166 edwardauron the Digger (level 8, -8/66 HPs)
             Began as a Red Draconian Earth Elementalist on Aug 29, 2022.
             Was an Initiate of Yredelemnul.
             Mangled by a gnoll sergeant
             ... wielding a +2 spear of flaming
              (12 damage)
             ... on level 5 of the Dungeon.
             The game lasted 00:13:46 (5258 turns).

edwardauron the Digger (DrEE)                       Turns: 5258, Time: 00:13:47

Health: -8/66      AC:  6    Str: 10    XL:     8   Next: 17%
Magic:  3/14       EV: 12    Int: 18    God:    Yredelemnul [......]
Gold:   273        SH:  5    Dex: 12    Spells: 11/15 levels left

rFire   + . .      SeeInvis .   h - staff of earth
rCold   . . .      Faith    .   g - +1 buckler
rNeg    . . .      Spirit   .   (body armour unavailable)
rPois   .          Reflect  .   (helmet restricted)
rElec   .          Harm     .   (no cloak)
rCorr   .          Rampage  .   (no gloves)
Will    +....                   (no boots)
Stlth   ++........              (no amulet)
HPRegen 0.21/turn               c - ring of willpower
MPRegen 0.14/turn               (no ring)

@: no status effects
A: breathe fire, AC +6, unfitting armour, fire resistance 1, cold-blooded
a: Breathe Fire, Renounce Religion, Recall Undead Harvest


You were on level 5 of the Dungeon.
You worshipped Yredelemnul.
Yredelemnul was noncommittal.
You visited 2 branches of the dungeon, and saw 6 of its levels.
You also visited: Sewer.

You collected 273 gold pieces.

Inventory:

Armour
 g - a +1 buckler (worn)
Magical Staves
 h - a staff of earth (weapon)
Jewellery
 c - a ring of willpower (left hand)
Wands
 j - a wand of roots (5)
Scrolls
 b - 7 scrolls of teleportation
 n - a scroll of magic mapping
Potions
 a - a potion of magic
 d - 5 potions of flight
 e - a potion of curing
 f - a potion of haste
 i - a potion of cancellation
 k - a potion of invisibility
 l - a potion of heal wounds
 m - 2 potions of berserk rage {unknown}


   Skills:
 + Level 4.0 Fighting
 + Level 3.1 Staves
 + Level 3.8 Dodging
 - Level 1.7 Stealth
 + Level 3.1 Shields
 + Level 4.0 Spellcasting
 + Level 2.8 Conjurations
 - Level 1.0 Transmutations
 + Level 4.9 Earth Magic


You had 11 spell levels left.
You knew the following spells:

 Your Spells              Type           Power      Damage    Failure   Level
a - Sandblast             Erth           64%        2d14      2%          1
b - Stone Arrow           Conj/Erth      52%        3d10      12%         3

Your spell library contained the following spells:

 Spells                   Type           Power      Damage    Failure   Level
 Passwall                 Tmut/Erth      17%        N/A       9%          2
 Shock                    Conj/Air       32%        1d5       11%         1
 Mephitic Cloud           Conj/Pois/Air  7%         N/A       36%         3
 Ignite Poison            Fire/Tmut/Pois 4%         N/A       45%         3
 Gell's Gravitas          Tloc           3%         N/A       50%         3
 Lesser Beckoning         Tloc           3%         N/A       50%         3
 Swiftness                Air            3%         N/A       50%         3
 Teleport Other           Tloc           3%         N/A       50%         3
 Petrify                  Tmut/Erth      21%        N/A       50%         4
 Airstrike                Air            1%         2d(1-17)  88%         4
 Freezing Cloud           Conj/Ice/Air   3%         6-21      98%         5


Dungeon Overview and Level Annotations

Branches:
Dungeon (5/15)             Temple (1/1) D:4           Sewer (visited)

Altars:
Ashenzari
Cheibriados
Dithmenos
Fedhas
Gozag
Kikubaaqudgha
Nemelex Xobeh
Okawaru
Qazlal
Ru
Sif Muna
Trog
Uskayaw
Wu Jian
Yredelemnul

Shops:
D:2 *


Innate Abilities, Weirdness & Mutations

You can breathe blasts of fire.
Your fiery red scales are hard. (AC +6)
You cannot fit into any form of body armour.
Your flesh is heat resistant. (rF+)
You are cold-blooded and may be slowed by cold attacks.


Message History

Aiming: Breathe Fire (4% risk of failure)
Press: ? - help, Shift-Dir - straight line, f - gnoll sergeant
Aim: a gnoll sergeant, wielding a +2 spear of flaming, wearing a +0 scale mail and wearing a +0 buckler (heavily wounded, 77% to hit)
You breathe a blast of fire.
The fiery breath hits the gnoll sergeant.
The gnoll sergeant is heavily wounded.
The gnoll sergeant closely misses you. The gnoll hits you with a +0 flail.
The gnoll closely misses you.
Casting: Sandblast (safe; 2% risk of failure)
Confirm with . or Enter, or press ? or * to list all spells.
Aiming: Sandblast (safe; 2% risk of failure)
Press: ? - help, Shift-Dir - straight line, f/p - gnoll sergeant
Aim: a gnoll sergeant, wielding a +2 spear of flaming, wearing a +0 scale mail and wearing a +0 buckler (heavily wounded, 88% to hit)
You feel a surge of power!
The blast of sand hits the gnoll!
You kill the gnoll!
The gnoll sergeant hits you from afar with a +2 spear of flaming!
* * * LOW HITPOINT WARNING * * *
The gnoll sergeant burns you.
* * * LOW HITPOINT WARNING * * *
Casting: Sandblast (safe; 2% risk of failure)
Confirm with . or Enter, or press ? or * to list all spells.
Aiming: Sandblast (safe; 2% risk of failure)
Press: ? - help, Shift-Dir - straight line, f/p - gnoll sergeant
Aim: a gnoll sergeant, wielding a +2 spear of flaming, wearing a +0 scale mail and wearing a +0 buckler (heavily wounded, 88% to hit)
You feel a surge of power!
The blast of sand hits the gnoll!
You kill the gnoll!
The gnoll sergeant hits you from afar with a +2 spear of flaming!
* * * LOW HITPOINT WARNING * * *
Casting: Sandblast (safe; 2% risk of failure)
Confirm with . or Enter, or press ? or * to list all spells.
Aiming: Sandblast (safe; 2% risk of failure)
Press: ? - help, Shift-Dir - straight line, f/p - gnoll sergeant
Aim: a gnoll sergeant, wielding a +2 spear of flaming, wearing a +0 scale mail and wearing a +0 buckler (heavily wounded, 88% to hit)
You feel a surge of power!
The blast of sand hits the gnoll sergeant but does no damage.
The gnoll sergeant is heavily wounded.
You have got your breath back.
The gnoll sergeant hits you from afar with a +2 spear of flaming!
You die...
Your body rises from the dead as a mindless zombie.

.>.....#.##
.........#
.........#
.........# #..#
#.........#### #...
..........#..#
#..##..######...###
##..#.. #.###
###...... #@#
........## #.#
.....[...### #g##
#...)>)..## ##..####
##..###.))###..#...#
#.) ###.)..####.##
... ##..## #.## .##
#### ##.# ###


You could see a gnoll sergeant.

Vanquished Creatures
  An ice beast (D:5)
  2 ogres (D:5)
  A necrophage (D:5)
  A scorpion (D:4)
  2 hounds
  A gnoll bouda (D:5)
  2 iguanas
  2 orc wizards (D:4)
  A merfolk avatar (Sewer)
  A merfolk siren (Sewer)
  17 gnolls
  16 adders
  5 river rats
  A gnoll zombie (D:5)
  5 worms
  4 dart slugs
  7 orcs (D:4)
  9 endoplasms
  11 giant cockroaches
  8 goblins
  5 hobgoblins
  4 jackals (D:4)
  8 quokkas
  9 ball pythons
  9 bats
  8 frilled lizards
  8 kobolds
  29 rats
177 creatures vanquished.

Vanquished Creatures (collateral kills)
  A hound (D:5)
  A worm (D:5)
  A goblin (D:4)
  A frilled lizard (Sewer)
  2 rats (Sewer)
6 creatures vanquished.

Vanquished Creatures (others)
  An ogre zombie (D:5)
  A hound zombie (D:5)
  2 adder zombies
  2 orc zombies (D:4)
  3 gnoll zombies (D:5)
  A dart slug zombie (D:5)
  An endoplasm zombie (D:4)
  A giant cockroach zombie (Sewer)
  A goblin zombie (D:4)
  2 jackal zombies (D:4)
  5 rat zombies (Sewer)
20 creatures vanquished.

Grand Total: 203 creatures vanquished

Notes
Turn   | Place    | Note
-------+----------+-------------------------------------------
     0 | D:1      | edwardauron the Draconian Earth Elementalist began the
                  | quest for the Orb.
     0 | D:1      | Reached XP level 1. HP: 14/14 MP: 3/3
   245 | D:1      | Reached XP level 2. HP: 22/22 MP: 3/5
   427 | D:1      | Reached skill level 1 in Fighting
   762 | D:1      | Reached XP level 3. HP: 28/28 MP: 4/6
  1386 | D:2      | Identified the +1 leather armour of Wubalemu {Int+4}
  1499 | D:2      | Reached XP level 4. HP: 36/36 MP: 5/7
  1705 | D:2      | Identified the +3 dagger of Taonty {vorpal, rElec rPois
                  | rCorr Dex-4}
  1766 | D:2      | Found Ugizoquu's Assorted Antiques.
  2742 | D:3      | Found a bloodstained altar of Trog.
  2794 | D:3      | Reached skill level 1 in Shields
  2794 | D:3      | Reached XP level 5. HP: 41/41 MP: 6/9
  2879 | D:3      | Learned a level 3 spell: Stone Arrow
  2956 | D:3      | Reached skill level 1 in Staves
  3369 | D:4      | Found a staircase to the Ecumenical Temple.
  3385 | Temple   | Entered the Ecumenical Temple
  3498 | Temple   | Became a worshipper of Yredelemnul the Dark
  3542 | D:4      | Reached * piety under Yredelemnul
  3543 | D:4      | Reached skill level 1 in Conjurations
  3543 | D:4      | Reached XP level 6. HP: 44/50 MP: 4/10
  3757 | D:4      | Found a broken altar of Ashenzari.
  4350 | D:5      | Entered Level 5 of the Dungeon
  4368 | D:5      | Your scales start taking on a fiery red colour.
  4368 | D:5      | Reached XP level 7. HP: 49/57 MP: 2/12
  4368 | D:5      | Gained mutation: Your flesh is heat resistant. (rF+) [Red
                  | Draconian growth]
  4675 | D:5      | Reached ** piety under Yredelemnul
  4706 | D:5      | Found a glowing drain.
  4715 | Sewer    | Entered a sewer
  4996 | Sewer    | Reached XP level 8. HP: 65/66 MP: 0/13
  5002 | Sewer    | Reached *** piety under Yredelemnul
  5251 | D:5      | HP: 2/66 [gnoll sergeant/+2 spear of flaming (9)]
  5258 | D:5      | Mangled by a gnoll sergeant

Illustrated notes

Levels and vault maps discovered:
D:1:      dpeg_arrival_fog, layout_loops_ring
D:2:      minmay_evil_eye, layout_rooms, serial_shops, nicolae_shop_waterfront,
          minmay_pentomino_t2
D:3:      layout_loops_corners, mainiacjoe_overflow_brackets, serial_aquarium,
          aquarium_bridge_square [aquarium_subvault_wall,
          aquarium_subvault_window, aquarium_subvault_bridge,
          aquarium_subvault_bridge], aquarium_bridge_square
          [aquarium_subvault_wall, aquarium_subvault_bridge,
          aquarium_subvault_wall, aquarium_subvault_bridge],
          aquarium_window_corridor_1, aquarium_window_2, aquarium_window_2,
          aquarium_view_2f, aquarium_view_2b, aquarium_balcony_5b,
          aquarium_pool_2
D:4:      layout_basic, nicolae_overflow_crystal_walls, temple_green
D:5:      layout_layer_cave, lemuel_doored_altar, lightli_sewer_entry_pipes
Temple:   nicolae_temple_god_jail

Skill      XL: |  1  2  3  4  5  6  7  8 |
---------------+-------------------------+-----
Dodging        | 2 3 |  3.8
Fighting       | 1 2 3 4 |  4.0
Shields        | 1 2 3 |  3.1
Staves         | 1 2 3 |  3.1
Spellcasting   | 3 4 |  4.0
Earth Magic    | 4 |  4.9
Conjurations   | 1 2 |  2.8
Stealth        | |  1.7
Transmutations | |  1.0

Action                   |  1- 3 |  4- 6 |  7- 9 || total
-------------------------+-------+-------+-------++-------
Melee: Unarmed           |    14 |       |       ||    14
       Tailslap          |     2 |     1 |     4 ||     7
       Short sword       |     3 |       |       ||     3
       Staff             |       |    15 |    36 ||    51
 Cast: Sandblast         |    64 |   103 |    93 ||   260
Invok: Recall Undead Har |       |       |     3 ||     3
 Abil: Breathe Fire      |       |       |     4 ||     4
  Use: Scroll            |     6 |     8 |     2 ||    16
 Stab: Sleeping          |       |     1 |       ||     1
Armor: Skin              |    12 |    18 |    24 ||    54
Dodge: Dodged            |    31 |    30 |    60 ||   121
Block: Buckler           |     1 |    11 |    28 ||    40
